 Dungeon Crawl Stone Soup version 0.23-a0-445-g768d57b (webtiles) character file.

1019 EazyBreezy the Slasher (level 8, -3/61 HPs)
             Began as a Demonspawn Abyssal Knight on Nov 17, 2018.
             Was a Believer of Lugonu.
             Slain by a gnoll sergeant
             ... wielding a +0 spear
              (7 damage)
             ... on level 5 of the Dungeon.
             The game lasted 00:08:24 (5120 turns).

EazyBreezy the Slasher (Demonspawn Abyssal Knight)  Turns: 5120, Time: 00:08:25

Health: -3/61      AC:  7    Str: 12    XL:     8   Next: 2%
Magic:  0/11       EV: 13    Int: 13    God:    Lugonu [**....]
Gold:   269        SH:  0    Dex: 16    Spells: 7/7 levels left

rFire    . . .     SeeInvis .   a - +3 falchion
rCold    . . .     Gourm    .   (no shield)
rNeg     . . .     Faith    .   b - +3 leather armour
rPois    .         Spirit   +   (no helmet)
rElec    .         Reflect  .   h - +0 cloak
rCorr    .         Harm     +   (no gloves)
MR       .....                  (no boots)
Stlth    +.........             t - amulet of harm
HPRegen  0.20/turn              (no ring)
MPRegen  0.12/turn              (no ring)

@: no status effects
A: claws 2, magic shield, rot immunity
a: Depart the Abyss, Bend Space, Renounce Religion


You were on level 5 of the Dungeon.
You worshipped Lugonu.
Lugonu was pleased with you.
You were not hungry.

You visited 1 branch of the dungeon, and saw 5 of its levels.
You visited the Abyss 1 time.

You collected 269 gold pieces.

Inventory:

Hand Weapons
 a - a +3 falchion (weapon)
Missiles
 l - 167 stones (quivered)
Armour
 b - a +3 leather armour (worn)
 h - a +0 cloak (worn)
Jewellery
 t - an amulet of harm (around neck)
Wands
 n - a wand of paralysis (8)
 p - a wand of flame (26)
Scrolls
 f - 5 scrolls of remove curse
 g - a scroll of enchant weapon
 r - 2 scrolls of teleportation
 s - 3 scrolls of blinking
 u - 2 scrolls of amnesia
 v - a scroll of magic mapping
Potions
 d - a potion of heal wounds
 e - 2 potions of curing
 i - a potion of ambrosia
 j - 2 potions of lignification {unknown}
 k - a potion of brilliance {unknown}
 m - a potion of flight {unknown}
 o - a potion of might {unknown}
 q - a potion of resistance {unknown}
 w - 2 potions of degeneration {unknown}
Comestibles
 c - 9 rations


   Skills:
 * Level 4.8 Fighting
 * Level 5.6 Long Blades
 * Level 3.4 Armour
 * Level 3.6 Dodging
 * Level 4.6 Invocations


You had 7 spell levels left.
You didn't know any spells.
Your spell library was empty.

Dungeon Overview and Level Annotations

Branches:
Dungeon (5/15)             Temple (0/1) D:4

Altars:
Trog


Innate Abilities, Weirdness & Mutations

You have very sharp fingernails.
When hurt, damage is shared between your health and your magic reserves.
You are immune to rotting.


Message History

The gnoll sergeant is heavily wounded.
The gnoll sergeant closely misses you.
You riposte.
You hit the gnoll sergeant but do no damage.
The gnoll sergeant is heavily wounded.
The gnoll completely misses you.
You riposte.
You hit the gnoll but do no damage.
The gnoll is heavily wounded.
You hit the gnoll sergeant but do no damage.
The gnoll sergeant is heavily wounded.
The gnoll barely misses you.
The gnoll sergeant hits you with a +0 spear.
* * * LOW HITPOINT WARNING * * *
The gnoll hits you with a +0 whip.
* * * LOW HITPOINT WARNING * * *
You hit the gnoll sergeant but do no damage.
The gnoll sergeant is heavily wounded.
The gnoll hits you from afar with a +0 halberd of chopping!
* * * LOW HITPOINT WARNING * * *
x2 The gnoll sergeant hits you with a +0 spear!
You die...

#.......................# #
#......#..............#.# #
#....................##.####
#...........................
#..........................#
#.....................>....#
#..........................#
#..........................#
#.......>..@gg...#....######
#...#....%..g......###
#.................#
#.............#.#.#
#...#.........# # #
#...#........##
#...#..%.......
#############..


You could see a gnoll sergeant and 2 gnolls.

Vanquished Creatures
  Grinder (D:5)
  3 ogres (D:4)
  A centaur (D:5)
  2 hounds (D:5)
  A jelly (D:5)
  A bullfrog skeleton (D:4)
  Ijyb (D:2)
  An iguana (D:4)
  A worker ant (D:5)
  2 hound zombies
  8 gnolls
  13 adders
  3 worms
  A dart slug (D:1)
  8 leopard geckos
  3 ball pythons
  9 bats
  4 giant cockroaches
  10 goblins
  7 hobgoblins
  3 quokkas
  4 frilled lizards
  6 kobolds
  A leopard gecko skeleton (D:5)
  3 rats (D:1)
97 creatures vanquished.

Notes
Turn   | Place    | Note
-------+----------+-------------------------------------------
     0 | Abyss:1  | EazyBreezy the Demonspawn Abyssal Knight began the quest
                  | for the Orb.
     0 | Abyss:1  | Reached XP level 1. HP: 18/18 MP: 2/2
    20 | Abyss:1  | Noticed a small abomination
    29 | D:1      | Escaped the Abyss
   216 | D:1      | Reached skill level 1 in Dodging
   263 | D:1      | Reached skill level 2 in Long Blades
   263 | D:1      | Gained mutation: When hurt, damage is shared between your
                  | health and your magic reserves. [demonic ancestry]
   263 | D:1      | Reached XP level 2. HP: 24/24 MP: 4/4
   396 | D:1      | Reached * piety under Lugonu
   672 | D:2      | Gained mutation: You have sharp fingernails. [demonic
                  | ancestry]
   672 | D:2      | Reached XP level 3. HP: 27/29 MP: 3/5
   710 | D:2      | Noticed Ijyb
   755 | D:2      | Killed Ijyb
   984 | D:2      | Reached XP level 4. HP: 35/37 MP: 6/6
  1265 | D:2      | Reached skill level 3 in Long Blades
  1659 | D:2      | Reached XP level 5. HP: 33/42 MP: 4/7
  2207 | D:3      | Reached ** piety under Lugonu
  2222 | D:3      | Found a bloodstained altar of Trog.
  2833 | D:3      | Found a faded altar of an unknown god.
  3107 | D:4      | Noticed an ogre
  3117 | D:4      | HP: 1/42 [ogre/+0 giant club (13)]
  3118 | D:4      | Killed an ogre
  3118 | D:4      | Gained mutation: You have very sharp fingernails. [demonic
                  | ancestry]
  3118 | D:4      | Reached XP level 6. HP: 1/48 MP: 0/8
  3461 | D:4      | Found a staircase to the Ecumenical Temple.
  3465 | D:4      | Reached skill level 4 in Long Blades
  3964 | D:4      | Reached XP level 7. HP: 47/55 MP: 8/10
  4118 | D:5      | Entered Level 5 of the Dungeon
  4535 | D:5      | Reached skill level 5 in Long Blades
  4579 | D:5      | Noticed Grinder
  4604 | D:5      | Killed Grinder
  4866 | D:5      | Gained mutation: You are immune to rotting. [demonic
                  | ancestry]
  4866 | D:5      | Reached XP level 8. HP: 27/61 MP: 5/11
  5115 | D:5      | HP: 3/61 [gnoll/+0 whip (8)]
  5120 | D:5      | Slain by a gnoll sergeant

Vault maps used:
D:1:      nzn_arrival_water_spiral
D:2:      kennysheep_the_goblin_king, serial_forest,
          infiniplex_forest_clump_tiny, infiniplex_forest_clump_long,
          infiniplex_forest_end_2, infiniplex_forest_zigzag_1,
          infiniplex_forest_straight_5, infiniplex_forest_lined_2
D:3:      lemuel_doored_altar, chequers_ecumenical_altar_island
D:4:      minmay_temple_entry_water_ring
D:5:      first_ration, uniq_grinder

Skill      XL: |  1  2  3  4  5  6  7 |
---------------+----------------------+-----
Dodging        | 1 2 3 |  3.6
Long Blades    | 2 3 4 5 |  5.6
Armour         | 2 3 |  3.4
Invocations    | 3 4 |  4.6
Fighting       | 4 |  4.8

Action                   |  1- 3 |  4- 6 |  7- 9 || total
-------------------------+-------+-------+-------++-------
Melee: Falchion          |   102 |   176 |    99 ||   377
Invok: Depart the Abyss  |     1 |       |       ||     1
  Use: Scroll            |     5 |     4 |     6 ||    15
       Potion            |       |     1 |     1 ||     2
  Eat: Ration            |       |     3 |     1 ||     4
Armor: Leather armour    |    34 |    70 |    32 ||   136
Dodge: Dodged            |    78 |   145 |    83 ||   306
       Rpst.: Falchion   |    26 |    50 |    22 ||    98

Table legend:
 A = Non-vault XP
 B = Vault XP
 C = Vault XP percentage of total XP
 D = Non-vault monster count
 E = Vault monster count
 F = Vault count percentage of total count
                 A         B        C        D         E       F
            +---------+---------+-------+---------+---------+-------
      Total |    1133 |     323 |  22.2 |      89 |       8 |   8.2
            +---------+---------+-------+---------+---------+-------
        D:1 |      29 |       0 |   0.0 |      18 |       0 |   0.0
        D:2 |     161 |      46 |  22.2 |      25 |       7 |  21.9
        D:3 |      61 |       0 |   0.0 |      12 |       0 |   0.0
        D:4 |     520 |       0 |   0.0 |      17 |       0 |   0.0
        D:5 |     362 |     277 |  43.3 |      17 |       1 |   5.6
            +---------+---------+-------+---------+---------+-------
